Map: Ephemeron LE

Players

Astrea - Winner!

  • Race: Protoss Protoss
  • Spawn Location: 11:00

SKillous

  • Race: Protoss Protoss
  • Spawn Location: 5:00

VOD

Have the link to the VOD?

Description

Time

  • Played on: Sept. 6, 2019, 1:27 p.m.
  • Length: 9:28
Show
View Real Time Build Order
Export as new Build Order

Astrea Protoss - Winner!

Build Orders:  

Get SALT Encoding   

  12  0:00  Probe  
  13  0:12  Probe  
  14  0:17  Pylon  
  14  0:23  Probe  
  15  0:31  Probe  
  16  0:38  Gateway  
  16  0:39  Probe  
  16  0:46  Assimilator  
  17  0:51  Probe  
  17  0:54  Assimilator  
  18  0:59  Probe  
  19  1:07  Gateway, Probe  
  19  1:17  Probe  
  20  1:25  Cybernetics Core  
  21  1:29  Probe  
  22  1:35  Pylon  
  22  1:41  Probe  
  23  1:52  Warp Gate  
  23  1:53  Probe  
  18  2:01  Stalker x2  
  24  2:07  Probe  
  29  2:15  Pylon  
  29  2:20  Probe  
  30  2:32  Stalker x2  
  30  2:35  Probe  
  35  2:45  Robotics Facility  
  36  3:03  Stalker  
  36  3:04  Stalker  
  39  3:09  Pylon  
  39  3:28  Probe  
  40  3:45  Stalker x2  
  44  3:50  Pylon  
  44  3:52  Immortal  
  44  3:54  Pylon  
  46  4:21  Nexus  
  46  4:22  Sentry  
  46  4:23  Sentry  
  50  4:28  Shield Battery  
  50  4:41  Warp Prism  
  50  4:43  Phoenix  
  52  4:47  Probe  
  53  4:52  Pylon  
  53  4:58  Sentry  
  55  5:05  Probe  
  54  5:11  Immortal  
  54  5:17  Probe  
  59  5:30  Stalker x2  
  59  5:33  Probe  
  59  5:35  Probe  
  65  5:36  Phoenix  
  65  5:45  Probe  
  65  5:47  Probe  
  65  5:49  Observer  
  69  5:57  Probe  
  69  5:58  Pylon  
  69  5:59  Probe  
  70  6:07  Immortal  
  70  6:09  Probe  
  71  6:11  Probe  
  76  6:21  Probe  
  76  6:25  Probe  
  78  6:28  Stalker x2  
  82  6:33  Probe  
  82  6:35  Assimilator  
  82  6:37  Probe  
  82  6:38  Assimilator  
  84  6:47  Robotics Bay  
  84  6:54  Pylon  
  84  6:56  Shield Battery  
  84  6:58  Shield Battery  
  84  7:02  Shield Battery  
  84  7:05  Shield Battery  
  84  7:09  Adept  
  84  7:17  Zealot  
  84  7:18  Shield Battery  
  84  7:21  Shield Battery, Probe x2  
  88  7:29  Shield Battery  
  88  7:31  Shield Battery  
  88  7:33  Probe  
  89  7:38  Pylon  
  89  7:39  Pylon  
  85  7:46  Disruptor  
  79  7:56  Probe x2  
  84  8:00  Shield Battery  
  84  8:01  Stalker  
  86  8:11  Pylon  
  86  8:13  Colossus, Gateway, Pylon  
  86  8:14  Gateway  
  80  8:22  Probe x2  
  76  8:28  Stalker  
  84  8:51  Shield Battery  
  84  8:52  Sentry  
  86  9:02  Forge  
  86  9:07  Pylon, Stalker  
  93  9:23  Stalker x2  
Show
View Real Time Build Order
Export as new Build Order

SKillous Protoss 

Build Orders: Blink Stalkers 

Get SALT Encoding   

  12  0:00  Probe  
  13  0:12  Probe  
  14  0:17  Pylon  
  14  0:24  Probe  
  15  0:32  Probe  
  15  0:38  Gateway  
  15  0:40  Probe  
  16  0:47  Assimilator  
  17  0:51  Probe  
  17  0:54  Assimilator  
  18  0:59  Probe  
  19  1:08  Gateway, Probe  
  19  1:17  Probe  
  21  1:25  Cybernetics Core  
  21  1:29  Probe  
  22  1:35  Pylon  
  22  1:41  Probe  
  23  2:02  Twilight Council, Stalker  
  23  2:04  Stalker  
  27  2:10  Warp Gate  
  27  2:12  Probe  
  28  2:17  Pylon  
  28  2:30  Pylon  
  28  2:33  Stalker  
  31  2:46  Blink  
  29  2:52  Probe  
  29  2:56  Stalker  
  32  3:09  Stalker  
  34  3:21  Pylon  
  34  3:26  Stalker  
  36  3:50  Pylon  
  36  3:53  Gateway  
  35  3:59  Stalker  
  37  4:03  Stalker  
  40  4:12  Pylon  
  39  4:22  Stalker  
  41  4:27  Stalker  
  43  4:35  Nexus  
  43  4:47  Stalker x2  
  43  4:50  Probe  
  48  5:03  Resonating Glaives  
  48  5:04  Probe  
  49  5:08  Robotics Facility  
  49  5:15  Sentry  
  49  5:17  Probe  
  52  5:26  Probe  
  52  5:34  Probe  
  54  5:43  Probe  
  54  5:49  Observer  
  55  5:56  Gateway  
  56  5:57  Gateway, Probe  
  56  5:59  Gateway  
  56  6:00  Probe  
  58  6:09  Probe  
  57  6:12  Gateway  
  57  6:14  Probe  
  59  6:26  Adept  
  59  6:27  Adept  
  62  6:32  Adept  
  62  6:35  Probe x2  
  66  6:40  Pylon  
  66  6:42  Pylon  
  66  6:48  Adept x2  
  70  6:57  Pylon  
  70  7:00  Adept x2  
  74  7:02  Adept  
  74  7:05  Adept  
  74  7:07  Probe  
  79  7:08  Probe  
  80  7:18  Adept x2  
  84  7:28  Adept x3  
  86  7:48  Adept x5  
  76  7:53  Warp Prism  
  66  8:02  Adept x2  
  72  8:11  Adept x4  
  62  8:30  Adept x3  
  68  8:42  Adept x4  
  76  9:02  Adept x4  
  80  9:03  Adept x2  
  84  9:20  Adept  
  84  9:23  Adept x4  
Tags
 
Composition
Blink Stalkers
Matchup
PvP
Spawn Locations
Cross Positions
Add a new tag
Caveats
  • Supply blocks, unpowered buildings, or Contaminate may cause inaccurate times.
  • Supply counts are checked every 10 seconds.